Map: Romanticide LE

Players

TeebuL - Winner!

  • Race: Protoss Protoss

Seither

  • Race: Terran Terran

Event: DreamHack SC2 Masters 2021 Winter

VOD

Have the link to the VOD?

Description

Time

  • Played on: Oct. 3, 2021, 6:21 a.m.
  • Length: 10:10

All games in this series

Show
View Real Time Build Order
Export as new Build Order

TeebuL Protoss - Winner!

Build Orders: Phoenix Opening 

Get SALT Encoding   

  12  0:00  Probe  
  13  0:12  Probe  
  14  0:19  Pylon  
  14  0:24  Probe  
  15  0:37  Probe (Chrono Boost)  
  15  0:40  Gateway  
  16  0:48  Probe (Chrono Boost)  
  17  0:53  Probe (Chrono Boost)  
  17  0:54  Assimilator  
  18  1:03  Probe  
  19  1:12  Assimilator  
  19  1:17  Probe  
  20  1:28  Cybernetics Core  
  20  1:29  Probe  
  21  1:38  Pylon  
  21  1:41  Probe  
  22  1:54  Probe (Chrono Boost)  
  23  2:03  Adept (Chrono Boost)  
  23  2:06  Probe (Chrono Boost)  
  25  2:11  Stargate  
  25  2:14  Probe (Chrono Boost)  
  26  2:23  Nexus  
  26  2:27  Adept  
  28  2:35  Pylon  
  29  2:37  Probe  
  29  2:39  Warp Gate  
  29  2:50  Shield Battery  
  29  2:57  Phoenix (Chrono Boost)  
  31  3:03  Probe  
  32  3:13  Robotics Facility  
  32  3:15  Probe  
  33  3:25  Phoenix (Chrono Boost)  
  35  3:27  Probe  
  36  3:35  Adept  
  36  3:37  Probe  
  36  3:39  Probe  
  40  3:46  Phoenix (Chrono Boost)  
  42  3:49  Probe  
  42  3:51  Probe  
  44  4:01  Observer, Probe  
  46  4:03  Probe  
  46  4:04  Shield Battery  
  46  4:07  Pylon  
  47  4:13  Probe  
  48  4:17  Phoenix (Chrono Boost)  
  48  4:19  Probe  
  48  4:21  Pylon  
  51  4:26  Gateway  
  51  4:32  Probe  
  51  4:35  Immortal (Chrono Boost), Probe  
  57  4:42  Pylon  
  57  4:46  Adept  
  57  4:51  Shield Battery  
  59  5:01  Probe  
  53  5:12  Probe  
  53  5:21  Probe  
  53  5:25  Probe  
  55  5:29  Phoenix  
  55  5:31  Pylon  
  55  5:33  Probe  
  55  5:34  Assimilator  
  58  5:36  Assimilator  
  58  5:37  Probe  
  59  5:45  Probe (Chrono Boost)  
  59  5:49  Probe (Chrono Boost)  
  59  5:53  Robotics Bay  
  59  5:57  Probe (Chrono Boost)  
  60  5:58  Probe (Chrono Boost)  
  60  6:01  Probe (Chrono Boost)  
  60  6:03  Probe (Chrono Boost)  
  62  6:04  Observer  
  62  6:08  Observer  
  64  6:12  Probe  
  64  6:13  Nexus  
  64  6:15  Adept x2, Probe  
  70  6:24  Probe  
  68  6:27  Probe  
  68  6:29  Pylon  
  69  6:36  Probe, Sentry  
  69  6:39  Probe  
  73  6:40  Colossus (Chrono Boost)  
  79  6:48  Probe  
  79  6:51  Extended Thermal Lance (Chrono Boost), Probe, Observer  
  81  7:00  Probe  
  82  7:03  Probe  
  82  7:06  Twilight Council  
  83  7:08  Gateway  
  83  7:09  Gateway  
  83  7:12  Gateway, Probe  
  84  7:16  Probe  
  85  7:23  Colossus (Chrono Boost)  
  85  7:24  Probe  
  85  7:28  Shield Battery  
  92  7:30  Zealot, Charge (Chrono Boost)  
  92  7:33  Probe  
  92  7:34  Probe  
  92  7:35  Zealot  
  98  7:40  Gateway  
  98  7:45  Probe  
  98  7:50  Zealot  
  101  7:52  Probe  
  101  7:53  Probe  
  101  7:55  Pylon  
  101  7:57  Pylon  
  103  8:01  Colossus (Chrono Boost)  
  109  8:06  Observer  
  109  8:08  Pylon  
  109  8:10  Pylon  
  109  8:14  Zealot x2  
  109  8:15  Zealot x2  
  109  8:17  Sentry  
  119  8:36  Zealot x5  
  129  8:43  Stalker  
  125  8:57  Stalker x4  
  125  8:58  Stalker  
  133  9:06  Probe  
  133  9:09  Probe  
  134  9:10  Probe  
  132  9:17  Stalker  
  137  9:30  Probe  
  135  9:31  Zealot x3  
  127  9:45  Zealot x2  
  127  9:46  Zealot  
  127  9:48  Assimilator x2  
  127  9:50  Pylon  
  133  9:52  Pylon  
Show
View Real Time Build Order
Export as new Build Order

Seither Terran 

Build Orders:  

Get SALT Encoding   

  12  0:00  SCV  
  13  0:12  SCV  
  14  0:17  Supply Depot  
  14  0:24  SCV  
  15  0:39  SCV  
  15  0:40  Barracks  
  16  0:43  Refinery  
  16  0:51  SCV  
  17  0:58  Refinery  
  17  1:03  SCV  
  18  1:15  SCV  
  19  1:30  Marine, Orbital Command  
  19  1:31  Supply Depot  
  20  1:46  Factory  
  20  1:51  Barracks Reactor  
  20  1:56  SCV  
  21  2:08  SCV  
  22  2:21  SCV  
  23  2:33  Starport, SCV  
  28  2:37  Supply Depot, Widow Mine x2  
  28  2:45  SCV  
  28  2:47  Supply Depot  
  29  2:57  SCV  
  30  2:59  Widow Mine x2  
  34  3:09  SCV  
  34  3:11  Medivac  
  36  3:19  Armory  
  36  3:21  SCV  
  36  3:27  Widow Mine x2  
  41  3:36  SCV  
  41  3:38  Command Center  
  41  3:39  Barracks Tech Lab  
  42  3:51  Medivac  
  42  3:52  SCV  
  42  3:55  Supply Depot  
  45  3:57  Widow Mine  
  47  4:05  Supply Depot  
  47  4:17  SCV  
  50  4:23  Viking  
  50  4:29  Cyclone, Barracks  
  50  4:31  Barracks  
  53  4:33  Marine  
  53  4:38  SCV  
  55  4:40  Marine  
  55  4:45  Supply Depot  
  56  4:50  SCV  
  51  5:10  Marine x2, Cyclone, Orbital Command  
  51  5:12  Viking  
  51  5:13  SCV  
  57  5:20  Barracks Tech Lab, Marine  
  52  5:28  SCV, Engineering Bay  
  53  5:31  Orbital Command  
  53  5:34  Marine x2  
  55  5:47  Stimpack, Marine  
  56  5:50  SCV  
  56  5:52  Marine  
  56  5:53  Marine  
  56  5:54  Marine  
  56  5:55  Factory Tech Lab, Starport Reactor  
  60  5:58  Refinery  
  60  5:59  SCV  
  60  6:02  SCV  
  60  6:04  Terran Infantry Weapons Level 1  
  62  6:08  Refinery  
  62  6:13  SCV  
  62  6:14  SCV, Marine x2  
  62  6:15  Supply Depot  
  66  6:23  Marine x2  
  66  6:24  Siege Tank  
  69  6:26  SCV  
  69  6:27  SCV  
  71  6:33  Combat Shield  
  71  6:36  Marine x2  
  71  6:39  Supply Depot, SCV x2  
  72  6:51  SCV x2  
  73  6:55  Marine  
  73  6:56  Marauder x2, Marine  
  73  6:57  Siege Tank  
  82  7:03  SCV x2  
  82  7:04  Missile Turret  
  84  7:13  Medivac x2  
  88  7:16  Supply Depot  
  88  7:17  SCV x2  
  88  7:22  Marine x2  
  92  7:23  Marauder x2  
  92  7:29  Supply Depot  
  96  7:32  Supply Depot, Concussive Shells  
  96  7:34  Siege Tank  
  99  7:43  SCV x2  
  101  7:45  Missile Turret  
  101  7:47  Marine x2  
  101  7:48  Marauder x2  
  107  7:55  Medivac x2  
  111  8:07  Siege Tank  
  111  8:10  Supply Depot, Marine  
  111  8:11  Marauder x2, Marine  
  120  8:16  SCV x2  
  122  8:33  Command Center  
  120  8:41  Marine x2  
  120  8:42  Marauder x2  
  120  8:43  Siege Tank  
  120  8:44  SCV  
  129  9:03  Marauder x2, Marine  
  129  9:08  Marine  
  134  9:16  Barracks  
  132  9:17  Supply Depot, Barracks  
  129  9:29  Marauder x2, Marine x2  
  121  9:40  SCV  
  121  9:41  SCV  
  98  9:47  Marine x2  

Tags
 
Add a new tag
Caveats
  • Supply blocks, unpowered buildings, or Contaminate may cause inaccurate times.
  • Supply counts are checked every 10 seconds.